 Dungeon Crawl Stone Soup version 0.30.0-29-ga12c61a403 (webtiles) character file.

Game seed: 5268491687459155690

48 Ijustatesigmund the Stinger (level 3, -1/23 HPs)
             Began as an Octopode Venom Mage on June 17, 2023.
             Slain by a goblin
             ... wielding a +0 dagger
             ... led by Robin
              (2 damage)
             ... on level 3 of the Dungeon.
             The game lasted 00:02:25 (2193 turns).

Ijustatesigmund the Stinger (Octopode Venom Mage)   Turns: 2193, Time: 00:02:27

Health: -1/23      AC:  1    Str:  6 (7)  XL:     3   Next: 72%
Magic:  6/6        EV: 13    Int: 17 (19) God:
Gold:   95         SH:  0    Dex:  9 (12) Spells: 1/7 levels left

rFire   . . .        c - +2 spear (flame)
rCold   . . .        (no shield)
rNeg    . . .        (helmet restricted)
rPois   .            (no amulet)
rElec   .            (no ring)
rCorr   .            (no ring)
SInv    .            (no ring)
Will    .....        (no ring)
Stlth   +++          (no ring)
HPRegen 0.23/turn    (no ring)
MPRegen 0.10/turn    (no ring)
                     (no ring)

%: no passive effects
@: no status effects
A: almost no armour, amphibious, 8 rings, camouflage 1, gelatinous body 1,
(nimble swimmer 1), tentacles
a: no special abilities


You were on level 3 of the Dungeon.
You visited 1 branch of the dungeon, and saw 3 of its levels.

You collected 95 gold pieces.

Inventory:

Hand Weapons
 c - a +2 spear of flaming (weapon)
Jewellery
 f - a ring of wizardry
Scrolls
 g - a scroll of teleportation {unknown}
 j - a scroll of enchant weapon {unknown}
Potions
 a - a potion of magic
 b - a potion of degeneration
 d - a potion of berserk rage {unknown}
 e - a potion of attraction {unknown}
 h - a potion of cancellation {unknown}
 i - a potion of brilliance {unknown}
 k - a potion of mutation {unknown}
 l - a potion of haste {unknown}


   Skills:
 - Level 1.3 Fighting
 - Level 2.0 Dodging
 - Level 2.6 Stealth
 + Level 2.5 Spellcasting
 + Level 0.2 Conjurations
 - Level 1.0 Transmutations
 + Level 1.0 Air Magic
 + Level 4.2 Poison Magic


You had one spell level left.
You knew the following spells:

 Your Spells              Type           Power      Damage    Failure   Level
a - Sting                 Tmut/Pois      44%        1d5       6%          1
b - Poisonous Vapours     Pois/Air       22%        N/A       10%         2
c - Mephitic Cloud        Conj/Pois/Air  8%         N/A       26%         3

Your spell library contained the following spells:

 Spells                   Type           Power      Damage    Failure   Level
 Olgreb's Toxic Radiance  Pois           16%        N/A       32%         4
 Ozocubu's Armour         Ice            2%         N/A       50%         3
 Metabolic Englaciation   Hex/Ice        1%         N/A       99%         5
 Simulacrum               Ice/Necr       1%         N/A       100%        6


Dungeon Overview and Level Annotations

Branches:
Dungeon (3/15)

Altars:
Nemelex Xobeh

Annotations:
D:2 1 runed translucent door, Crazy Yiuf
D:3 Robin


Innate Abilities, Weirdness & Mutations

You cannot wear most types of armour.
You are amphibious.
You can wear up to eight rings at the same time.
Your skin changes colour to match your surroundings (Stealth+).
Your rubbery body absorbs attacks. (AC +1, EV +1)
((You are camouflaged when in or above water. (Stealth+)))
You have tentacles for arms and can constrict up to eight enemies at once.


Message History

You hit the goblin. You burn the goblin. Your grab misses the goblin.
Your squeeze misses the goblin.
The goblin is severely wounded.
The goblin hits you with a +0 dagger.
You closely miss the goblin. You grab the goblin. You squeeze the goblin.
You kill the goblin!
A goblin comes into view. It is wielding a +0 dagger.
Robin throws the goblin at you!
A goblin comes into view. It is wielding a +0 dagger.
The goblin shouts!
You hit the goblin. You burn the goblin. Your grab misses the goblin.
Your squeeze misses the goblin.
The goblin is heavily wounded.
You hear a shout!
The goblin misses you. The goblin barely misses you.
You completely miss the goblin. Your grab misses the goblin.
The goblin is heavily wounded.
The goblin barely misses you.
A goblin comes into view. It is wielding a +0 dagger.
The goblin misses you.
You hit the goblin. You burn the goblin.
You kill the goblin!
Robin roars a battlecry!
The goblins go into a battle-frenzy!
The hobgoblin barely misses you. The goblin hits you with a +0 dagger.
The goblin hits you with a +0 dagger. The hobgoblin attacks as you move away!
The hobgoblin hits you. Robin throws the goblin at you!
* * * LOW HITPOINT WARNING * * *
The goblin barely misses you. The goblin closely misses you.
The goblin hits you with a +0 dagger.
* * * LOW HITPOINT WARNING * * *
It was a potion of degeneration.
There was something very wrong with that liquid.
You feel weakened.
You feel dopey.
You feel clumsy. Robin throws the goblin at you!
The goblin hits you with a +0 dagger.
* * * LOW HITPOINT WARNING * * *
The hobgoblin hits you but does no damage.
The goblin hits you with a +0 dagger.
You die...

### ### .. ..# .#
####.###.###
..#.##.....
#.#.#...##
#..##.#.gg...##.##
#...gg..g@g......#
##.#######.####.#
#.# #.# ##'##
##...## ##.....##
##.......##
#.........####...


You could see Robin, 2 hobgoblins and 3 goblins.

Vanquished Creatures
  Jessica (D:2)
  2 endoplasms (D:2)
  6 goblins
  2 hobgoblins (D:2)
  3 jackals (D:1)
  2 kobolds (D:1)
  A quokka (D:2)
  A ball python (D:1)
18 creatures vanquished.

Notes
Turn   | Place    | Note
-------+----------+-------------------------------------------
     0 | D:1      | Ijustatesigmund the Octopode Venom Mage began the quest for
                  | the Orb.
     0 | D:1      | Reached XP level 1. HP: 11/11 MP: 3/3
   155 | D:1      | Reached XP level 2. HP: 18/18 MP: 5/5
   158 | D:1      | Learned a level 2 spell: Poisonous Vapours
  1111 | D:2      | Noticed Jessica
  1118 | D:2      | Killed Jessica
  1119 | D:2      | Reached skill level 1 in Fighting
  1119 | D:2      | Reached skill level 4 in Poison Magic
  1119 | D:2      | Reached XP level 3. HP: 20/23 MP: 1/6
  1267 | D:2      | Learned a level 3 spell: Mephitic Cloud
  1385 | D:2      | Found a sparkling altar of Nemelex Xobeh.
  1521 | D:2      | Reached skill level 1 in Air Magic
  1755 | D:2      | Found a runed translucent door.
  1756 | D:2      | Noticed Crazy Yiuf
  2182 | D:3      | Noticed Robin
  2193 | D:3      | HP: 1/23 [goblin/+0 dagger[Robin] (3)]
  2193 | D:3      | Slain by a goblin

Illustrated notes

Levels and vault maps discovered:
D:1:      enne_arrival_octagon_isle, layout_basic
D:2:      layout_loops_corners, basic_altar, uniq_crazy_yiuf_cottage,
          uniq_jessica
D:3:      layout_loops_corners, nicolae_overflow_hidden_temple,
          elyvilon_altar_1, hangedman_decor_lopped, corexii_shack, uniq_terence,
          uniq_robin

Skill      XL: |  1  2  3 |
---------------+----------+-----
Fighting       | 1 |  1.3
Poison Magic   | 4 |  4.2
Air Magic      | 1 |  1.0
Dodging        | |  2.0
Stealth        | |  2.6
Spellcasting   | |  2.5
Conjurations   | |  0.2
Transmutations | |  1.0

Action                     || total
---------------------------++-------
  Melee: Spear             ||    29
         Unarmed           ||     4
         Tentacles         ||     6
         Constrict         ||     6
         Punch             ||     1
   Cast: Sting             ||     2
         Poisonous Vapours ||     2
    Use: Potion            ||     1
   Stab: Sleeping          ||     5
 Armour: Skin              ||     3
  Dodge: Dodged            ||    19
